 Dungeon Crawl Stone Soup version 0.22.1-2-g9c5b331383 (webtiles) character file.

715 Gargoyl the Skirmisher (level 7, 0/60 HPs)
             Began as a Centaur Abyssal Knight on Dec 22, 2018.
             Was a Believer of Lugonu.
             Succumbed to an orc's poison
             ... on level 5 of the Dungeon.
             The game lasted 00:08:30 (5546 turns).

Gargoyl the Skirmisher (Centaur Abyssal Knight)     Turns: 5546, Time: 00:08:30

Health: 0/60       AC:  9    Str: 16      XL:     7   Next: 41%
Magic:  10/10      EV:  5    Int: 11      God:    Lugonu [**....]
Gold:   299        SH:  0    Dex:  6 (9)  Spells: 6/6 levels left

rFire    . . .     SeeInvis .   a - +2 hand axe
rCold    . . .     Gourm    .   (no shield)
rNeg     . . .     Faith    .   s - +0 chain mail
rPois    .         Spirit   .   (no helmet)
rElec    .         Reflect  .   y - +0 cloak
rCorr    .         Harm     .   (no gloves)
MR       +....                  (no barding)
Stlth    ..........             (no amulet)
HPRegen  0.20/turn              f - ring of protection from magic
MPRegen  0.12/turn              (no ring)

@: lethally poisoned (0 -> -3), very quick
A: large, hooves 3, deformed body, speed 2, tough skin 3
a: Depart the Abyss, Bend Space, Renounce Religion


You were on level 5 of the Dungeon.
You worshipped Lugonu.
Lugonu was pleased with you.
You were hungry.

You visited 1 branch of the dungeon, and saw 5 of its levels.
You visited the Abyss 1 time.

You collected 299 gold pieces.

Inventory:

Hand Weapons
 a - a +2 hand axe (weapon)
 t - a +0 blowgun
 A - a +0 shortbow
Missiles
 d - 10 poisoned needles
 B - 13 arrows
Armour
 s - a +0 chain mail (worn)
 y - a +0 cloak (worn)
Jewellery
 f - a ring of protection from magic (left hand)
 C - a cursed ring of attention {unknown}
Wands
 r - a wand of random effects (22)
 D - a wand of iceblast (8)
Scrolls
 i - a scroll of remove curse
 l - a scroll of fear
 m - 2 scrolls of identify
 o - 2 scrolls of teleportation
 u - a scroll of fog
 v - 2 scrolls of enchant armour {unknown}
 w - a scroll of amnesia
 z - a scroll of blinking
Potions
 b - 2 potions of flight {unknown}
 e - a potion of invisibility
 g - 2 potions of curing
 h - a potion of brilliance {unknown}
 j - 2 potions of heal wounds {unknown}
 k - a potion of mutation {unknown}
 n - 2 potions of degeneration {unknown}
 p - 2 potions of haste
 q - a potion of might {unknown}
 x - a potion of cancellation {unknown}
 E - a potion of agility {unknown}
Comestibles
 c - 6 rations


   Skills:
 + Level 4.3 Fighting
 + Level 3.8 Axes
 + Level 1.7 Bows
 + Level 0.7 Throwing
 * Level 3.7 Armour
 + Level 1.3 Dodging
 * Level 4.3 Invocations


You had 6 spell levels left.
You didn't know any spells.
Your spell library was empty.

Dungeon Overview and Level Annotations

Branches:
Dungeon (5/15)             Temple (0/1) D:5

Altars:
Cheibriados
Dithmenos
Wu Jian
Xom

Annotations:
D:3 Grinder


Innate Abilities, Weirdness & Mutations

You have hooves in place of feet.
Armour fits poorly on your strangely shaped body.
You cover ground very quickly.
You have extremely tough skin. (AC +3)


Message History

The centaur hits you but does no damage.
You hit the centaur.
The centaur is lightly wounded.
You feel sick.
The centaur hits you but does no damage.
The centaur hits you.
* * * LOW HITPOINT WARNING * * *
You barely miss the centaur.
The centaur is lightly wounded.
You feel sick. The centaur hits you.
* * * LOW HITPOINT WARNING * * *
The centaur hits you.
* * * LOW HITPOINT WARNING * * *
You barely miss the centaur.
The centaur is lightly wounded.
The centaur hits you.
* * * LOW HITPOINT WARNING * * *
You hit the centaur but do no damage.
The centaur is lightly wounded.
You die...

.......### .........###
#........(...##
#.............##
#..............#
##.............#
#........).....# .
#........))....###.._.
#....(.(.((.@c......
#......<......#.....
##............#..............
#...........##..............
##.......#..##..............
#......#..###.............#
##....##..# #.............#
##.####.## #............# ###
#..# #.....>.....#


You could see a centaur.

Vanquished Creatures
  Sigmund (D:3)
  A centaur (D:4)
  A scorpion (D:2)
  A howler monkey (D:5)
  A quasit (D:4)
  2 hounds (D:4)
  An orc priest (D:5)
  Natasha (thrice) (D:2)
  3 worker ants
  3 adders
  2 oozes
  An adder skeleton (D:4)
  3 worms (D:3)
  2 dart slugs (D:2)
  2 leopard geckos
  3 orcs (D:5)
  4 bats
  A giant cockroach (D:3)
  11 goblins
  10 hobgoblins
  4 jackals (D:3)
  5 kobolds
  A quokka (D:4)
  A ball python (D:1)
  7 frilled lizards
  A quokka skeleton (D:4)
  7 rats
  A butterfly (D:3)
83 creatures vanquished.

Notes
Turn   | Place    | Note
-------+----------+-------------------------------------------
     0 | Abyss:1  | Gargoyl the Centaur Abyssal Knight began the quest for the
                  | Orb.
     0 | Abyss:1  | Reached XP level 1. HP: 19/19 MP: 2/2
    53 | Abyss:1  | Noticed a quasit
   259 | Abyss:1  | Noticed a thrashing horror
   263 | Abyss:1  | Noticed a small abomination
   284 | Abyss:1  | Noticed an ancient zyme
   285 | Abyss:1  | Noticed a ynoxinul
   287 | D:1      | Escaped the Abyss
   296 | D:1      | Reached * piety under Lugonu
   473 | D:1      | Reached XP level 2. HP: 24/26 MP: 3/3
  1205 | D:1      | Reached XP level 3. HP: 31/31 MP: 4/4
  1393 | D:2      | Reached skill level 1 in Dodging
  1512 | D:2      | Found a shadowy altar of Dithmenos.
  1515 | D:2      | Noticed a scorpion
  1533 | D:2      | Killed a scorpion
  1533 | D:2      | Reached XP level 4. HP: 15/40 MP: 5/5
  2117 | D:2      | Noticed Natasha
  2123 | D:2      | Killed Natasha
  2220 | D:2      | Reached ** piety under Lugonu
  2235 | D:2      | Found an ornate altar of the Wu Jian Council.
  2294 | D:2      | Noticed Natasha
  2301 | D:2      | Killed Natasha
  2301 | D:2      | Reached XP level 5. HP: 37/46 MP: 7/7
  2445 | D:3      | Found a shimmering altar of Xom.
  3284 | D:3      | Noticed Sigmund
  3441 | D:2      | Noticed Natasha
  3451 | D:2      | Killed Natasha
  3703 | D:3      | Killed Sigmund
  3703 | D:3      | Reached XP level 6. HP: 43/52 MP: 8/8
  3854 | D:3      | Noticed Grinder
  4482 | D:4      | Reached XP level 7. HP: 47/60 MP: 9/9
  5071 | D:5      | Entered Level 5 of the Dungeon
  5433 | D:5      | Reached skill level 1 in Bows
  5466 | D:5      | Found a staircase to the Ecumenical Temple.
  5540 | D:5      | Found a snail-covered altar of Cheibriados.
  5544 | D:5      | HP: 3/60 [centaur (1)]
  5545 | D:5      | HP: 1/60 [centaur (2)]
  5546 | D:5      | Succumbed to an orc's poison

Skill      XL: |  1  2  3  4  5  6  7 |
---------------+----------------------+-----
Dodging        | 1 |  1.3
Axes           | 2 3 |  3.8
Armour         | 2 3 |  3.7
Invocations    | 3 4 |  4.3
Fighting       | 4 |  4.3
Bows           | 1 |  1.7
Throwing       | |  0.7

Action                   |  1- 3 |  4- 6 |  7- 9 || total
-------------------------+-------+-------+-------++-------
Melee: Hand axe          |    70 |   157 |    48 ||   275
       Kick              |    12 |    31 |     4 ||    47
 Fire: Blowgun           |       |     4 |       ||     4
       Shortbow          |       |       |    34 ||    34
Invok: Depart the Abyss  |     1 |       |       ||     1
  Use: Scroll            |     7 |     6 |     1 ||    14
       Potion            |     1 |       |       ||     1
  Eat: Chunk             |       |     8 |     3 ||    11
Armor: Leather armour    |    30 |    11 |       ||    41
       Chain mail        |       |    70 |   120 ||   190
Dodge: Dodged            |    37 |    45 |    39 ||   121
